 Dungeon Crawl Stone Soup version 0.21.1-1-g345015fe64 (webtiles) character file.

253 Jannitor the Cudgeler (level 6, -6/63 HPs)
             Began as a Halfling Berserker on June 5, 2018.
             Was a Believer of Trog.
             Mangled by a wyvern (15 damage)
             ... on level 3 of the Dungeon.
             The game lasted 00:03:35 (2755 turns).

Jannitor the Cudgeler (Halfling Berserker)          Turns: 2755, Time: 00:03:36

Health: -6/63      AC:  6    Str: 25    XL:     6   Next: 37%
Magic:  6/6        EV: 15    Int:  5    God:    Trog [**....]
Gold:   96         SH:  0    Dex: 14    Spells: 5/5 levels left

rFire    . . .     SeeInvis .   g - +0 flail
rCold    . . .     Gourm    .   (shield restricted)
rNeg     . . .     Faith    .   j - +0 ring mail
rPois    .         Spirit   .   i - +0 helmet
rElec    .         Reflect  .   (no cloak)
rCorr    .         Harm     .   (no gloves)
MR       .....                  (no boots)
Stlth    ..........             (no amulet)
HPRegen  0.20/turn              (no ring)
MPRegen  0.10/turn              (no ring)

@: berserking, very quick
A: small, mutation resistance 1
a: Berserk, Trog's Hand, Burn Spellbooks, Renounce Religion


You were on level 3 of the Dungeon.
You worshipped Trog.
Trog was pleased with you.
You were very hungry.

You visited 1 branch of the dungeon, and saw 3 of its levels.

You collected 96 gold pieces.

Inventory:

Hand Weapons
 a - a +0 mace
 g - a +0 flail (weapon)
Armour
 b - a +0 animal skin
 i - a +0 helmet (worn)
 j - a +0 ring mail (worn)
Wands
 h - a wand of random effects (27)
Scrolls
 c - 2 scrolls of fear {unknown}
 d - 2 scrolls of identify
 e - a scroll of random uselessness
 f - a scroll of fog {unknown}
 n - a scroll of amnesia {unknown}
Potions
 k - a potion of cancellation
 l - a potion of haste
 m - a potion of curing {unknown}
 o - a potion of flight {unknown}
Books
 p - a book of Callings

   Spells                             Type                      Level
   a - Summon Small Mammal            Summoning                    1
   b - Call Imp                       Summoning                    2
   c - Call Canine Familiar           Summoning                    3
   d - Summon Guardian Golem          Hexes/Summoning              3
   e - Summon Lightning Spire         Summoning/Air                4
   f - Summon Ice Beast               Ice/Summoning                4
   Trog disapproves of the use of such an item.


   Skills:
 + Level 3.6 Fighting
 * Level 4.3 Maces & Flails
 + Level 3.6 Armour
 + Level 3.5 Dodging


You had 5 spell levels left.
You didn't know any spells.

Dungeon Overview and Level Annotations

Branches:
Dungeon (3/15)

Altars:
Vehumet
Yredelemnul


Innate Abilities, Weirdness & Mutations

You are small and have problems with some larger weapons.
You are somewhat resistant to further mutation.


Message History

A wyvern is nearby!
A wyvern is nearby!
A wyvern is nearby!
The wyvern barely misses you.
You hit the wyvern.
The wyvern is lightly wounded.
The wyvern bites you! x2
You are too injured to fight recklessly!
A red film seems to cover your vision as you go berserk!
You feel yourself moving faster!
You feel mighty!
You are feeling very hungry.
The wyvern bites you!
* * * LOW HITPOINT WARNING * * *
The wyvern bites you.
* * * LOW HITPOINT WARNING * * *
Unknown command.
You hit the wyvern.
The wyvern is moderately wounded.
The wyvern bites you!
You die...

##.## #.#.#
##...## . #.#
#.#...# ## #.#
##.#.## #.#
###<.#######...
#.
#..............
#.##.##.####..
#.
#.##.####..#. #
#....@l....).
####.####..## #
...# . ###..
###


You could see a wyvern.

Vanquished Creatures
  The ghost of Faustar the Cleaver, an amateur HOMo (D:3)
  Robin (D:2)
  3 adders
  2 worms (D:2)
  A dart slug (D:1)
  4 orcs (D:3)
  3 ball pythons
  8 bats
  3 giant cockroaches
  8 hobgoblins
  5 jackals
  3 kobolds
  13 goblins
  4 rats
59 creatures vanquished.

Notes
Turn   | Place    | Note
-------+----------+-------------------------------------------
     0 | D:1      | Jannitor the Halfling Berserker began the quest for the Orb.
     0 | D:1      | Reached XP level 1. HP: 15/15 MP: 1/1
   454 | D:1      | Reached XP level 2. HP: 17/20 MP: 2/2
   641 | D:1      | Reached skill level 3 in Maces & Flails
   644 | D:1      | Reached XP level 3. HP: 12/25 MP: 3/3
  1159 | D:1      | Reached ** piety under Trog
  1234 | D:2      | Noticed Robin
  1235 | D:2      | Found a radiant altar of Vehumet.
  1262 | D:2      | Killed Robin
  1262 | D:2      | Reached XP level 4. HP: 31/31 MP: 4/4
  2317 | D:3      | Noticed Faustar's ghost (amateur HOMo)
  2363 | D:3      | Killed Faustar's ghost
  2363 | D:3      | Reached skill level 4 in Maces & Flails
  2363 | D:3      | Reached XP level 5. HP: 36/36 MP: 5/5
  2363 | D:3      | Reached XP level 6. HP: 42/42 MP: 6/6
  2642 | D:3      | Found a basalt altar of Yredelemnul.
  2751 | D:3      | Noticed a wyvern
  2755 | D:3      | Mangled by a wyvern

Skill      XL: |  1  2  3  4 |
---------------+-------------+-----
Maces & Flails | 3 4 |  4.3
Fighting       | 3 |  3.6
Armour         | 3 |  3.6
Dodging        | 3 |  3.5

Action                   |  1- 3 |  4- 6 || total
-------------------------+-------+-------++-------
Melee: Mace              |    76 |    78 ||   154
       Flail             |       |    22 ||    22
Invok: Berserk           |     2 |     3 ||     5
       Trog's Hand       |       |     1 ||     1
  Use: Potion            |       |     1 ||     1
       Scroll            |       |     3 ||     3
 Stab: Sleeping          |     2 |       ||     2
  Eat: Chunk             |     1 |     2 ||     3
       Ration            |     1 |     1 ||     2
Armor: Animal skin       |    12 |       ||    12
       Ring mail         |       |    20 ||    20
Dodge: Dodged            |    69 |    78 ||   147
